[Event "Late-Titled-Tuesday-Blitz-March-26-2024"]
[Site "Chess.com"]
[Date "2024.03.26"]
[Round "8"]
[White "FairChess_on_YouTube"]
[Black "Mazetovic"]
[Result "1-0"]
[WhiteElo "3087"]
[BlackElo "2616"]
[TimeControl "180+1"]
[EndTime "15:26:37 PDT"]
[Termination "FairChess_on_YouTube won by resignation"]

1. e4 c5 2. Nf3 Nc6 3. d4 cxd4 4.
Nxd4 g6 5. Be3 Bg7 6. Nc3 Nf6 7.
Bc4 Qa5 8. O-O O-O 9. Bb3 d6 10.
h3 Bd7 11. Re1 Rfc8 12. Nd5 Qd8 13. Nxf6+ Bxf6 14. c3 Na5 15. Qf3 Nc4 16. Bxc4 Rxc4 17. Rad1 Qa5 18. a3 Bc6 19. Nxc6 bxc6 20. Bf4 Rb8 21.
Bxd6 exd6 22. Qxf6 Qe5 23. Qxe5 dxe5 24. Re2 a5 25. f3 a4 26. Kf2 Kf8 27. Ke3 Ke7 28. Red2 Rb7 29. Kd3 Rc5 30. Kc2 Rcb5 31. Kc1 h5 32. h4 R5b6 33. Re2 Rd7 34. Rxd7+ Kxd7 35. Kc2 Ke6 36. Kd3 f5 37. Kc4 Rb5 38. Rd2 f4 39. b4 axb3 40. Rb2 Ra5 41. Rxb3 Ra4+ 42. Kc5 Kd7 43. Rb7+ Ke6 44. Rb6 Rxa3 45. Rxc6+ Kf7 46. Kd5 Ra5+ 47. Rc5 Ra2 48. Kxe5 Rxg2 49. Rc7+ Ke8 50. Kxf4 1-0

[Event "Late-Titled-Tuesday-Blitz-March-26-2024"]
[Site "Chess.com"]
[Date "2024.03.26"]
[Round "8"]
[White "EsmeraldasAnderson03"]
[Black "misterlamine"]
[Result "1-0"]
[WhiteElo "2610"]
[BlackElo "2470"]
[TimeControl "180+1"]
[EndTime "15:26:38 PDT"]
[Termination "EsmeraldasAnderson03 won by resignation"]

1. d4 Nf6 2. c4 g6 3. Nc3 Bg7 4. e4 d6 5. Be2 O-O 6. Be3 Nc6 7. d5 Ne5 8. h3 c5 9. f4 Ned7 10.
Nf3 Nh5 11. O-O Ng3 12. Rf2 Nxe2+ 13. Qxe2 Nf6 14. e5 Nh5 15. Ne4 f5 16. Neg5 dxe5 17.
Nxe5 Qc7 18. Bd2 h6 19. Nxg6 hxg5 20. Qxh5 Rf6 21. Bc3 g4 22. hxg4 fxg4 23. Bxf6 Bxf6 24. Ne5 e6 25. Qxg4+ Bg7 26. dxe6 Qd6 27. Rd1 Qxe6 28. Rd8+ Kh7 29. Qxe6 Bxe6 30. Rxa8 1-0

[Event "Late-Titled-Tuesday-Blitz-March-26-2024"]
[Site "Chess.com"]
[Date "2024.03.26"]
[Round "8"]
[White "Korchmar_Vasiliy"]
[Black "Iball95"]
[Result "1-0"]
[WhiteElo "2708"]
[BlackElo "2861"]
[TimeControl "180+1"]
[EndTime "15:26:39 PDT"]
[Termination "Korchmar_Vasiliy won by checkmate"]

1. a3 Nf6 2. d4 d5 3. Nf3 e6 4. c4 c5 5. e3 Nc6 6. Nc3 Ne4 7. Bd3 Nxc3 8. bxc3 Bd6 9. O-O dxc4 10. Bxc4 O-O 11. e4 Qc7 12. e5 Be7 13. Be3 Rd8 14. Bd3 b6 15. Ng5 h6 16. Nxf7 Kxf7 17. Qh5+ Kg8 18. Bxh6 Nxe5 19. Bf4 Bf6 20. Bh7+ Kf8 21. dxe5 Rd5 22. Be4 Bd8 23. Qh8+ Ke7 24. Qxg7+ Ke8 25.
Bg6+ Qf7 26. Qxf7# 1-0

[Event "Late-Titled-Tuesday-Blitz-March-26-2024"]
[Site "Chess.com"]
[Date "2024.03.26"]
[Round "8"]
[White "Eloist"]
[Black "dealshark"]
[Result "0-1"]
[WhiteElo "2471"]
[BlackElo "2301"]
[TimeControl "180+1"]
[EndTime "15:26:40 PDT"]
[Termination "dealshark won by resignation"]

1. e4 c6 2. Nf3 d5 3. d3 Bg4 4. h3 Bh5 5. Be2 e6 6. O-O Nd7 7. Nbd2 Bd6 8. Re1 Ngf6 9. Bf1 Bc7 10. g4 Bg6 11. e5 Ng8 12. Bg2 h5 13. Nf1 hxg4 14.
hxg4 Nh6 15. Bxh6 Rxh6 16. Ng3 Qe7 17. d4 O-O-O 18. Rc1 Rdh8 19. c4 Kb8 20. cxd5 exd5 21.
Nf5 Bxf5 22. gxf5 g6 23. Qd3 gxf5 24. Qxf5 Nf8 25. Qg5 Qe6 26. Kf1 Rg6 27. Qf4 Rhg8 28. Bh1 Qh3+ 29. Ke2 Ne6 30. Qe3 Rg4 31. Kd2 Ba5+ 32.
Kc2 Bxe1 33. Rxe1 Re4 34. Qd3 Rxe1 35. Nxe1 Qxh1 0-1

[Event "Late-Titled-Tuesday-Blitz-March-26-2024"]
[Site "Chess.com"]
[Date "2024.03.26"]
[Round "8"]
[White "dianamirza"]
[Black "campochess"]
[Result "0-1"]
[WhiteElo "1979"]
[BlackElo "2169"]
[TimeControl "180+1"]
[EndTime "15:26:44 PDT"]
[Termination "campochess won by checkmate"]

1. d4 Nf6 2. e3 b6 3. Nf3 Bb7 4. Bd3 d6 5. O-O Nbd7 6. b3 g6 7. Bb2 Bg7 8. Nbd2 O-O 9. c4 e5 10. dxe5 Ng4 11. Rb1 Ngxe5 12. Nxe5 Nxe5 13. Bc2 Qh4 14. f4 Ng4 15. h3 Bxb2 16. Qxg4 Qxg4 17. hxg4 Bc3 18. Ne4 Bg7 19. Rfe1 Rfe8 20. Ng3 Re7 21. Rbd1 Rae8 22. Kf2 Bc3 23. Re2 Bb4 24. e4 Bc5+ 25.
Kf1 Kg7 26. f5 Kf6 27. Ke1 Kg5 28. Red2 Kxg4 29. Ne2 Bxe4 30. Bxe4 Rxe4 31. Kf1 gxf5 32. g3 Re3 33. Re1 Rf3+ 34. Kg2 Rf2+ 35. Kh1 Bb4 36. Nd4 Rxe1# 0-1

[Event "Late-Titled-Tuesday-Blitz-March-26-2024"]
[Site "Chess.com"]
[Date "2024.03.26"]
[Round "8"]
[White "AndresDelgado77"]
[Black "Blackwhite017"]
[Result "1-0"]
[WhiteElo "2332"]
[BlackElo "2102"]
[TimeControl "180+1"]
[EndTime "15:26:46 PDT"]
[Termination "AndresDelgado77 won on time"]

1. e4 c5 2. Nf3 Nc6 3. b4 cxb4 4.
d4 d5 5. exd5 Qxd5 6. c4 bxc3 7.
Nxc3 Qd8 8. d5 Nb8 9. Qa4+ Bd7 10. Qb3 Qb6 11. Qxb6 axb6 12. Rb1 e6 13. Rxb6 Nf6 14.
dxe6 Bxe6 15. Bb5+ Nbd7 16. Rxb7 Bd6 17. Nd4 O-O-O 18.
Ba6 Nc5 19. Nxe6 Nxb7 20. Nxd8 Re8+ 21. Be3 Rxd8 22. O-O Kb8 23. Rb1 1-0

[Event "Late-Titled-Tuesday-Blitz-March-26-2024"]
[Site "Chess.com"]
[Date "2024.03.26"]
[Round "8"]
[White "TanitoluwaAps116"]
[Black "mishanick"]
[Result "0-1"]
[WhiteElo "2821"]
[BlackElo "3044"]
[TimeControl "180+1"]
[EndTime "15:26:47 PDT"]
[Termination "mishanick won on time"]

1. e4 c5 2. Nf3 d6 3. Bb5+ Nc6 4. O-O Bd7 5. Re1 Nf6 6. c3 a6 7. Bf1 e5 8. d4 cxd4 9. cxd4 Bg4 10. d5 Nd4 11. Be3 Nxf3+ 12. gxf3 Bd7 13. Nd2 Be7 14. Nc4 O-O 15. Nb6 Rb8 16. Nxd7 Nxd7 17. Qd2 f5 18. Qb4 f4 19. Bd2 Rf6 20. Bh3 Nf8 21. Kf1 Rh6 22. Kg2 Qe8 23. Rg1 Rh4 24. Rac1 Qh5 25. Bg4 Rxh2+ 26.
Kf1 Qh4 27. Be1 Qf6 28. Rc7 h5 29. Bf5 g6 30. Bd7 b5 31. Bd2 Bd8 32. Ra7 Bb6 0-1

[Event "Late-Titled-Tuesday-Blitz-March-26-2024"]
[Site "Chess.com"]
[Date "2024.03.26"]
[Round "8"]
[White "RantomOpening"]
[Black "sacrifoice"]
[Result "1-0"]
[WhiteElo "2568"]
[BlackElo "2243"]
[TimeControl "180+1"]
[EndTime "15:26:51 PDT"]
[Termination "RantomOpening won by resignation"]

1. g3 d5 2. Bg2 Nf6 3. Nf3 g6 4. O-O Bg7 5. d3 O-O 6. Re1 Nc6 7. c3 Bg4 8. Qc2 Qd7 9. Bg5 Bh3 10. Nbd2 Bxg2 11. Kxg2 h6 12. Bxf6 exf6 13. e4 dxe4 14. dxe4 Ne5 15. Rad1 Nd3 16. Re3 Rad8 17. Nb3 Nf4+ 18.
gxf4 Qxd1 19. Qxd1 Rxd1 20. Nfd4 Rd8 21. e5 fxe5 22.
fxe5 Rd5 23. e6 fxe6 24. Rxe6 c5 25. Nc2 Kf7 26. Re2 b6 27. h4 Rb1 28. Na3 Rbd1 29. Nc2 Re5 30. Ne3 Rd7 31. Nd2 Bf6 32. Ndc4 Re4 33. h5 gxh5 34. a4 Ke6 35. f3 Rg7+ 36.
Kf1 Rxe3 37. Nxe3 Kd6 38. Nf5+ 1-0

[Event "Late-Titled-Tuesday-Blitz-March-26-2024"]
[Site "Chess.com"]
[Date "2024.03.26"]
[Round "8"]
[White "ACollins05"]
[Black "falzehope0"]
[Result "1-0"]
[WhiteElo "2521"]
[BlackElo "2387"]
[TimeControl "180+1"]
[EndTime "15:27:00 PDT"]
[Termination "ACollins05 won by resignation"]

1. Nf3 d5 2. e3 e6 3. b3 f5 4. Bb2 Nf6 5. Be2 Bd6 6. O-O O-O 7.
c4 c6 8. Ba3 Bxa3 9. Nxa3 Nbd7 10. d4 Ne4 11. Nc2 Qf6 12. Nce1 g5 13. Nd3 Nd6 14. Rc1 Nf7 15. cxd5 exd5 16. b4 a6 17. a4 g4 18. Nd2 Qg5 19. b5 cxb5 20. axb5 a5 21. Nc5 Nxc5 22. dxc5 Be6 23. Nb3 Qf6 24.
Nd4 Ne5 25. Qd2 Bf7 26. b6 Nc4 27. Bxc4 dxc4 28. Nb5 Qc6 29. Nc7 Qxc5 30. Nxa8 Rxa8 31. Qb2 Ra6 32. Rb1 a4 33. Rfd1 Qe7 34. Qb5 Be6 35. Qxa6 bxa6 36. b7 Qxb7 37. Rxb7 Bf7 38. Rd8+ Kg7 39.
Rdd7 a3 40. Rxf7+ Kg6 41. Rfd7 a2 42. Rd1 c3 43. Ra7 c2 44. Rxa6+ Kg5 45. Rc1 h5 46. Rxa2 Kh4 47. Raxc2 f4 48. exf4 g3 49. fxg3+ Kg4 50. Rc5 1-0

[Event "Late-Titled-Tuesday-Blitz-March-26-2024"]
[Site "Chess.com"]
[Date "2024.03.26"]
[Round "8"]
[White "Quattroporte300"]
[Black "Felix-Rose"]
[Result "1-0"]
[WhiteElo "2487"]
[BlackElo "2266"]
[TimeControl "180+1"]
[EndTime "15:27:03 PDT"]
[Termination "Quattroporte300 won by resignation"]

1. e4 e5 2. Nf3 Nc6 3. Bb5 a6 4. Ba4 Nf6 5. O-O b5 6. Bb3 Bc5 7. a4 Rb8 8. axb5 axb5 9. Nxe5 Nxe5 10. d4 Bxd4 11. Qxd4 d6 12. f4 c5 13. Qc3 Nc6 14. e5 Ne4 15. Qd3 Bf5 16. Bxf7+ Kxf7 17. Qd5+ Ke7 18. Qxc6 d5 19. Ra7+ Kf8 20. Nc3 Rb6 21. Ra8 Rb8 22. Rxb8 Qxb8 23. Nxd5 c4 24. Be3 Kf7 25.
Nc7 Rc8 26. Qd5+ Kf8 27. Ne6+ Bxe6 28. Qxe6 Qc7 29. Qf5+ Kg8 30. Qxe4 1-0

[Event "Late-Titled-Tuesday-Blitz-March-26-2024"]
[Site "Chess.com"]
[Date "2024.03.26"]
[Round "8"]
[White "Godzillator"]
[Black "TheMagician"]
[Result "1-0"]
[WhiteElo "2376"]
[BlackElo "2269"]
[TimeControl "180+1"]
[EndTime "15:27:03 PDT"]
[Termination "Godzillator won on time"]

1. c4 Nf6 2. Nf3 g6 3. g3 Bg7 4. Bg2 d6 5. O-O O-O 6. d3 e5 7.
Nc3 Nc6 8. Rb1 Nd4 9. Nxd4 exd4 10. Nd5 Nxd5 11. Bxd5 Bh3 12. Re1 c6 13. Bf3 Be6 14. b4 d5 15. c5 Be5 16. a4 Qd7 17. b5 f5 18. Qb3 Rf7 19. Bf4 Bf6 20. h4 Qe8 21. a5 a6 22. bxc6 Qxc6 23. Qb6 Rc8 24. Qxc6 Rxc6 25. Bd6 Be7 26. Rxb7 Bxd6 27. Rxf7 Kxf7 28. cxd6 Ke8 29. Rb1 Rxd6 30. Rb7 Bd7 31. Rb4 1-0

[Event "Late-Titled-Tuesday-Blitz-March-26-2024"]
[Site "Chess.com"]
[Date "2024.03.26"]
[Round "8"]
[White "Genghis_K"]
[Black "Kildepiotr"]
[Result "1-0"]
[WhiteElo "2924"]
[BlackElo "2731"]
[TimeControl "180+1"]
[EndTime "15:27:04 PDT"]
[Termination "Genghis_K won by resignation"]

1. e4 e6 2. d4 d5 3. Nc3 Bb4 4. Ne2 dxe4 5. a3 Be7 6. Nxe4 Nf6 7. Nxf6+ Bxf6 8. Qd3 b6 9. Qe4 Qd5 10. Qxd5 exd5 11.
Nf4 c6 12. c3 Bf5 13. Nh5 Nd7 14. Nxf6+ Nxf6 15. f3 Kd7 16. Kf2 h5 17. h4 a5 18.
a4 Rhe8 19. Bf4 Ng8 20. Be2 Ne7 21. Rhc1 Ng6 22. Bg3 Be6 23. b3 Ne7 24. Bf4 Ng6 25. Bg3 Ne7 26. Be5 f6 27. Bf4 Ng6 28. Bd2 Bf5 29.
g3 Re7 30. c4 Be6 31. c5 bxc5 32. Rxc5 Bf5 33. Rxa5 Rxa5 34. Bxa5 Bc2 35. Ra3 Re8 36.
Bb6 Ne7 37. a5 Nf5 38. Bf1 Ne3 39. a6 Nd1+ 40. Kg1 Re1 41. b4 Ne3 42. Kf2 Rxf1+ 43. Kxe3 Bd1 44. Kd2 Bxf3 45. a7 1-0

[Event "Late-Titled-Tuesday-Blitz-March-26-2024"]
[Site "Chess.com"]
[Date "2024.03.26"]
[Round "8"]
[White "ContrVersia"]
[Black "only_strong_moves"]
[Result "1-0"]
[WhiteElo "2915"]
[BlackElo "2689"]
[TimeControl "180+1"]
[EndTime "15:27:04 PDT"]
[Termination "ContrVersia won by resignation"]

1. Nf3 Nf6 2. c4 e6 3. g3 d5 4. Bg2 Be7 5. O-O O-O 6. b3 c5 7. Bb2 d4 8. e3 Nc6 9. exd4 cxd4 10. Re1 a5 11. Na3 Bc5 12. Nb5 Re8 13. Ne5 Ra6 14. Nd3 Bf8 15. f4 a4 16. Rb1 a3 17.
Ba1 g6 18. Ne5 Nd7 19. Nxc6 bxc6 20. Nxd4 Qb6 21. Kh1 Bb7 22. Nf3 c5 23. d4 Rd8 24.
dxc5 Nxc5 25. Qe2 Nd3 26. Rf1 Bc5 27. h3 Nf2+ 28. Kh2 Be4 29. Rxf2 Bxb1 30. Qe5 Kf8 31. Qh8+ Ke7 32. Bf6+ Kd7 33. Rd2+ Bd6 34. Ne5+ Kc8 35. Bxd8 Qxd8 36. Qxd8+ Kxd8 37. c5 Bxa2 38. Nxf7+ Ke7 39. cxd6+ Kd7 40. Ne5+ 1-0

[Event "Late-Titled-Tuesday-Blitz-March-26-2024"]
[Site "Chess.com"]
[Date "2024.03.26"]
[Round "8"]
[White "hansen"]
[Black "TigrVShlyape"]
[Result "1-0"]
[WhiteElo "2982"]
[BlackElo "2916"]
[TimeControl "180+1"]
[EndTime "15:27:05 PDT"]
[Termination "hansen won by resignation"]

1. e4 c5 2. Nf3 e6 3. g3 Nc6 4. Bg2 Nf6 5. Qe2 e5 6. O-O Be7 7. c3 d6 8. Rd1 Bg4 9. h3 Bh5 10. Na3 O-O 11. d3 a6 12. Nc4 b5 13. Ne3 Re8 14.
g4 Bg6 15. Nh4 Nd7 16. Nhf5 Nf8 17. Nd5 Ne6 18. a4 b4 19. Be3 Bg5 20. Qd2 bxc3 21. bxc3 h6 22. Rab1 Rb8 23. Kh2 Qa5 24. Nxd6 Rxb1 25.
Rxb1 Rb8 26. Rxb8+ Nxb8 27. Nc4 Qxa4 28. Nxe5 Bxe3 29.
Qxe3 Bh7 30. f4 f6 31. Nc4 Qc6 32. Ne7+ 1-0

[Event "Late-Titled-Tuesday-Blitz-March-26-2024"]
[Site "Chess.com"]
[Date "2024.03.26"]
[Round "8"]
[White "protectiago"]
[Black "elchacal664"]
[Result "0-1"]
[WhiteElo "2077"]
[BlackElo "2256"]
[TimeControl "180+1"]
[EndTime "15:27:05 PDT"]
[Termination "elchacal664 won by resignation"]

1. d4 e5 2. dxe5 Nc6 3. Nf3 Qe7 4. g3 Nxe5 5. Nbd2 Nf6 6. Bg2 d6 7. O-O h5 8. b3 b6 9. Bb2 Bb7 10. e4 Nxf3+ 11. Bxf3 O-O-O 12. Qe2 h4 13. Rfe1 hxg3 14. fxg3 Kb8 15. a4 a5 16. b4 d5 17. bxa5 Qc5+ 18. Kg2 dxe4 19. Nxe4 Nxe4 20. Bxe4 Bxe4+ 21. Qxe4 Rd2+ 22.
Re2 Rxe2+ 23. Qxe2 Qd5+ 24. Qf3 Rxh2+ 25. Kxh2 Qxf3 26.
axb6 Bd6 27. bxc7+ Kc8 28. Rg1 Qf2+ 29. Rg2 Bxg3+ 30.
Kh3 Qb6 31. Bxg7 Bxc7 32. c3 Qe3+ 33. Kh4 Qf4+ 34. Rg4 Qh2+ 35. Kg5 Bd8+ 36. Kf5 Qh5+ 37. Kf4 Bc7+ 38. Kf3 Qf5+ 0-1

[Event "Late-Titled-Tuesday-Blitz-March-26-2024"]
[Site "Chess.com"]
[Date "2024.03.26"]
[Round "8"]
[White "Byniolus"]
[Black "alexrustemov"]
[Result "1/2-1/2"]
[WhiteElo "2740"]
[BlackElo "2917"]
[TimeControl "180+1"]
[EndTime "15:27:07 PDT"]
[Termination "Game drawn by repetition"]

1. d4 d5 2. Nf3 Nf6 3. Bf4 c5 4. c3 Nc6 5. Nbd2 cxd4 6. cxd4 Bf5 7.
e3 e6 8. Qb3 Bb4 9. a3 Bxd2+ 10. Nxd2 Qe7 11. Be2 O-O 12. O-O Rfc8 13. Rfc1 Ne4 14.
Nxe4 Bxe4 15. Rc3 a6 16. Rac1 h6 17. Qb6 Rd8 18. h3 Rd7 19. b4 Kh7 20. Rc5 Qd8 21. Qxd8 Rdxd8 22. f3 Bg6 23. Kf2 Rd7 24. R5c3 f6 25. Bg3 e5 26. Rxc6 bxc6 27. dxe5 fxe5 28. Bxe5 a5 29. Kg3 axb4 30. axb4 Ra2 31. Bf1 Re7 32. Bd4 Rc2 33. Ra1 Rb7 34. Bc5 Rb2 35. Ra6 Rb1 36.
Be2 Rb2 37. Bf1 Rb1 38. Be2 Rb2 39. Bf1 1/2-1/2

[Event "Late-Titled-Tuesday-Blitz-March-26-2024"]
[Site "Chess.com"]
[Date "2024.03.26"]
[Round "8"]
[White "Practical-Play"]
[Black "Matrix3x3a"]
[Result "0-1"]
[WhiteElo "2471"]
[BlackElo "2611"]
[TimeControl "180+1"]
[EndTime "15:27:09 PDT"]
[Termination "Matrix3x3a won by resignation"]

1. e4 c5 2. c3 Nf6 3. e5 Nd5 4. d4 cxd4 5. Nf3 Nc6 6. Bc4 Nb6 7. Bb3 d5 8. exd6 Qxd6 9. O-O Be6 10. Na3 a6 11.
Bxe6 Qxe6 12. Re1 Qd7 13. Qb3 Nd5 14. Nc4 e6 15. Nce5 Nxe5 16. Nxe5 Qc7 17. c4 Nf6 18. Bf4 Bd6 19. c5 Qxc5 20. Nxf7 Bxf4 21. Qxe6+ Kf8 22. Nxh8 Qc7 23. g3 Bh6 24. Rad1 Rd8 25. Rd3 Re8 26. Qb3 Rxe1+ 27. Kg2 Re8 28. Rf3 Rd8 29.
g4 Qd7 30. h3 Qd5 31. Qb6 Kg8 32. Kg3 Kxh8 33. Rxf6 gxf6 34. Qxf6+ 0-1

[Event "Late-Titled-Tuesday-Blitz-March-26-2024"]
[Site "Chess.com"]
[Date "2024.03.26"]
[Round "8"]
[White "jinxy2009"]
[Black "KorolDimitriy75"]
[Result "1-0"]
[WhiteElo "2279"]
[BlackElo "2389"]
[TimeControl "180+1"]
[EndTime "15:27:09 PDT"]
[Termination "jinxy2009 won by resignation"]

1. c4 c5 2. Nf3 g6 3. g3 Bg7 4.
Bg2 Nc6 5. O-O Nh6 6. Nc3 Nf5 7. a3 h5 8. h4 a6 9. Rb1 Rb8 10. b4 cxb4 11. axb4 b5 12. c5 a5 13. bxa5 b4 14.
Nd5 Qxa5 15. e4 Nfd4 16. Bb2 Nxf3+ 17. Bxf3 Bxb2 18. Rxb2 Qxc5 19. Nc7+ Kf8 20. Bg2 Kg7 21. Rc2 Qd4 22. d3 b3 23. Rc4 Qd6 24. Nd5 Ba6 25. Rc3 e6 26. Ne3 Nd4 27. Nc4 Bxc4 28. dxc4 e5 29. c5 Qe6 30. f4 f6 31. Qd2 Rb4 32. f5 Qf7 33. fxg6 Qxg6 34. Bh3 Qxg3+ 35. Rxg3+ 1-0

[Event "Late-Titled-Tuesday-Blitz-March-26-2024"]
[Site "Chess.com"]
[Date "2024.03.26"]
[Round "8"]
[White "a_kandil"]
[Black "GarciaIsaac"]
[Result "1-0"]
[WhiteElo "2536"]
[BlackElo "2638"]
[TimeControl "180+1"]
[EndTime "15:27:10 PDT"]
[Termination "a_kandil won on time"]

1. e4 g6 2. d4 Bg7 3. Nf3 c6 4. c4 d5 5. exd5 cxd5 6. Nc3 Nf6 7. Qb3 O-O 8. cxd5 Nbd7 9. Bf4 Nb6 10. d6 exd6 11. Be2 Be6 12. Qa3 Nc4 13. Qb4 a5 14. Qb5 Ra6 15. d5 Rb6 16. Qxc4 Rb4 17. dxe6 Rxc4 18. exf7+ Kh8 19. Bxc4 d5 20. O-O-O Qc8 21. Bxd5 Nxd5 22. Rxd5 Bxc3 23. bxc3 Qxc3+ 24. Kd1 Qa1+ 25. Ke2 Qxa2+ 26. Rd2 Qxf7 27. Be5+ Kg8 28. Rc1 Re8 29. Kf1 a4 30. Rc7 Qb3 31. h3 Qb5+ 32. Kg1 a3 33. Rdd7 a2 34. Rg7+ 1-0

[Event "Late-Titled-Tuesday-Blitz-March-26-2024"]
[Site "Chess.com"]
[Date "2024.03.26"]
[Round "8"]
[White "m_ezat"]
[Black "Kosak12"]
[Result "1-0"]
[WhiteElo "2564"]
[BlackElo "2743"]
[TimeControl "180+1"]
[EndTime "15:27:10 PDT"]
[Termination "m_ezat won by checkmate"]

1. d4 d5 2. c4 e6 3. Nc3 Bb4 4.
e3 Nf6 5. Nf3 O-O 6. Bd3 c5 7. O-O cxd4 8. exd4 dxc4 9. Bxc4 Bd7 10. Bg5 Bc6 11. Ne5 h6 12. Bh4 Be7 13. Qe2 Qxd4 14.
Bg3 Qb6 15. Nxf7 Kxf7 16. Qxe6+ Ke8 17. Rfe1 Qd8 18. Bd6 Ng8 19. Qg6+ Kd7 20. Bxe7 Nxe7 21. Qe6+ Kc7 22. Qxe7+ Qxe7 23. Rxe7+ Nd7 24. Rd1 Rae8 25.
Rxg7 Kc8 26. Nb5 Re5 27. Nxa7+ Kb8 28. Nxc6+ bxc6 29. Rdxd7 Re1+ 30. Bf1 Rfe8 31. Rb7+ Kc8 32. Rgc7+ Kd8 33. g3 Rd1 34. Kg2 Ree1 35. Ba6 h5 36. Rh7 h4 37. Rb8# 1-0

[Event "Late-Titled-Tuesday-Blitz-March-26-2024"]
[Site "Chess.com"]
[Date "2024.03.26"]
[Round "8"]
[White "Andrey_Klymchuk"]
[Black "Shankland"]
[Result "0-1"]
[WhiteElo "2709"]
[BlackElo "2919"]
[TimeControl "180+1"]
[EndTime "15:27:12 PDT"]
[Termination "Shankland won by resignation"]

1. e4 c5 2. Nf3 d6 3. d4 cxd4 4. Nxd4 Nf6 5. Nc3 Nc6 6. Bg5 e6 7. Qd2 a6 8. O-O-O Bd7 9. f3 Nxd4 10. Qxd4 Be7 11. Kb1 b5 12. g4 h5 13. gxh5 Nxh5 14.
Bxe7 Qxe7 15. Ne2 Rh6 16. Qxd6 Qxd6 17. Rxd6 Ke7 18. Rd3 Rah8 19. Rg1 g6 20. c4 bxc4 21. Rc3 Kf6 22. Rxc4 Bb5 23. Rc7 a5 24. Rc5 Bxe2 25. Bxe2 Nf4 26. Bc4 Rxh2 27. Rxa5 Rf2 28. Ra3 Rhh2 29.
Rb3 Ke5 30. Rd1 g5 31. a4 g4 32. fxg4 Kxe4 33. a5 Nd5 34. a6 Rh8 35. Bxd5+ exd5 36. Rb4+ Ke5 37. Rb5 Ke4 38. Rdxd5 Ra8 39. Re5+ Kd4 40. Rbd5+ Kc4 41. Rd6 Rb8 42. Re4+ Kc5 43. Rd3 Rbxb2+ 44. Ka1 Ra2+ 45. Kb1 Rfb2+ 46. Kc1 Rg2 47. Kb1 Rxa6 48. Re1 Raa2 49. Rc1+ Kb4 50. Rc7 Raf2 51. Rd1 Kb5 52.
Rxf7 Rxf7 0-1

[Event "Late-Titled-Tuesday-Blitz-March-26-2024"]
[Site "Chess.com"]
[Date "2024.03.26"]
[Round "8"]
[White "gxbg2000"]
[Black "titomagno_64"]
[Result "0-1"]
[WhiteElo "2034"]
[BlackElo "2304"]
[TimeControl "180+1"]
[EndTime "15:27:12 PDT"]
[Termination "titomagno_64 won by resignation"]

1. e4 g6 2. d4 Nf6 3. Nf3 Nxe4 4.
Bd3 d5 5. O-O Bg7 6. Nbd2 Nf6 7.
h3 O-O 8. Re1 c5 9. dxc5 Nc6 10.
c3 Nd7 11. Nb3 e5 12. Bb5 e4 13. Nfd4 Nde5 14. Bf4 a6 15. Bxe5 Nxe5 16. Bf1 Qc7 17. Nc2 Be6 18. Ne3 Rfd8 19. Qd2 Bf8 20. Rad1 Bxc5 21. Nxc5 Qxc5 22. Qd4 Qxd4 23. cxd4 Nc6 24. a3 a5 25. Rd2 f5 26. g3 g5 27.
Rc1 Rac8 28. Rc5 Nxd4 29. Rxc8 Nf3+ 30. Kg2 Rxc8 31. Rd1 d4 32. Be2 dxe3 33. Bxf3 exf3+ 34. Kxf3 exf2 35. Kxf2 Rc2+ 36. Ke3 Rxb2 37. Rd6 Rb3+ 38. Kd4 Kf7 39. Ke5 Re3+ 40. Kd4 Re4+ 41. Kd3 Re1 42. Rb6 Rg1 43. Rxb7+ Kf6 44. Rb5 Rxg3+ 45. Kd4 Rxa3 0-1

[Event "Late-Titled-Tuesday-Blitz-March-26-2024"]
[Site "Chess.com"]
[Date "2024.03.26"]
[Round "8"]
[White "katharinareinecke"]
[Black "JaackCamel"]
[Result "0-1"]
[WhiteElo "2001"]
[BlackElo "2192"]
[TimeControl "180+1"]
[EndTime "15:27:13 PDT"]
[Termination "JaackCamel won on time"]

1. d4 d5 2. c4 e6 3. Nf3 c6 4. g3 dxc4 5. Bg2 b5 6. O-O Bb7 7.
a4 Nd7 8. b3 cxb3 9. Qxb3 b4 10. Nbd2 c5 11. Nc4 Ngf6 12. Bg5 Be7 13. Bxf6 Nxf6 14.
dxc5 Bxc5 15. Rfd1 Qe7 16. Na5 Bd5 17. Qd3 O-O 18.
Rac1 Rac8 19. Ne5 Rfd8 20. e4 Ba8 21. Qe2 Qc7 22. Rxd8+ Rxd8 23. Nac4 Bd4 24. Kh1 Bxe5 25. Qe1 Bc3 26. Qe2 a5 0-1

[Event "Late-Titled-Tuesday-Blitz-March-26-2024"]
[Site "Chess.com"]
[Date "2024.03.26"]
[Round "8"]
[White "b_6"]
[Black "cakeuvdort"]
[Result "0-1"]
[WhiteElo "2462"]
[BlackElo "2263"]
[TimeControl "180+1"]
[EndTime "15:27:15 PDT"]
[Termination "cakeuvdort won by resignation"]

1. d4 Nf6 2. c4 c5 3. d5 b5 4. cxb5 a6 5. bxa6 Bxa6 6. Nc3 d6 7.
e4 Bxf1 8. Kxf1 g6 9. g3 Bg7 10. Kg2 O-O 11. Nf3 Nbd7 12. a4 Ra6 13. Qe2 Qa8 14. Ra3 Rb8 15. Nd2 Ne8 16. Ndb1 Nc7 17.
h4 h6 18. h5 g5 19. f4 gxf4 20.
gxf4 Kh7 21. Kh2 Bd4 22. Rf1 Rg8 23. Be3 Nf6 24. Bxd4 cxd4 25. Nb5 Ng4+ 26. Kh1 Nxd5 27. exd5 Qxd5+ 28. Qf3 Qxh5+ 29. Qh3 Qd5+ 30. Raf3 Rxa4 31. N5c3 dxc3 32. Nxc3 Qc6 33. Nxa4 Qxa4 34. Rg1 f5 35. Qh5 Qe4 36. Rf1 Ne3 37. Rf2 Nd1 38. Qxh6+ Kxh6 39. Rh2+ Kg7 0-1

[Event "Late-Titled-Tuesday-Blitz-March-26-2024"]
[Site "Chess.com"]
[Date "2024.03.26"]
[Round "8"]
[White "Gravity_Chess"]
[Black "kacperkarwowski"]
[Result "1-0"]
[WhiteElo "2836"]
[BlackElo "2536"]
[TimeControl "180+1"]
[EndTime "15:27:18 PDT"]
[Termination "Gravity_Chess won on time"]

1. c4 e6 2. Nc3 d5 3. d4 Be7 4. cxd5 exd5 5. Bf4 c6 6. e3 h5 7. h3 g5 8. Be5 f6 9. Bh2 Bd6 10. Be2 h4 11. Bxd6 Qxd6 12. Qc2 Kf7 13. Bd3 Ne7 14. Nge2 b5 15. a3 a5 16. e4 Nd7 17. exd5 Nxd5 18. Ne4 Qe7 19. Qxc6 N7b6 20. Rc1 Bd7 21. Qd6 Qxd6 22. Nxd6+ Ke7 23. Ne4 Rac8 24. Kd2 Nc4+ 25. Bxc4 bxc4 26. N2c3 Nf4 27. g3 hxg3 28. fxg3 Nxh3 29.
Rce1 Rb8 30. Kc1 Kf7 31. Rhf1 1-0

[Event "Late-Titled-Tuesday-Blitz-March-26-2024"]
[Site "Chess.com"]
[Date "2024.03.26"]
[Round "8"]
[White "ccccvhhhj"]
[Black "LeninGuerra"]
[Result "0-1"]
[WhiteElo "2439"]
[BlackElo "2680"]
[TimeControl "180+1"]
[EndTime "15:27:18 PDT"]
[Termination "LeninGuerra won on time"]

1. e4 c5 2. Nf3 e6 3. b4 cxb4 4. a3 bxa3 5. Nxa3 Nc6 6. c3 Nf6 7.
Bd3 d5 8. e5 Ne4 9. O-O Bc5 10.
Qe2 Ng5 11. Nb5 Nxf3+ 12. Qxf3 O-O 13. Qg3 a6 14. Nd4 Nxd4 15. cxd4 Bxd4 16. Ra4 Qb6 17. Qh4 f5 18. Rxd4 Bd7 19. Rb4 Qc7 20. Bb2 b5 21.
Rc1 Qb7 22. Bd4 Rac8 23. Re1 a5 24. Rbb1 b4 25. g4 Bb5 26. Bxb5 Qxb5 27. Qe7 Rce8 28. Qc5 Qd3 29. g5 f4 30. Ba1 Qh3 31. Qd4 f3 0-1

[Event "Late-Titled-Tuesday-Blitz-March-26-2024"]
[Site "Chess.com"]
[Date "2024.03.26"]
[Round "8"]
[White "KuzubovYuriy"]
[Black "CarlosjPineror"]
[Result "0-1"]
[WhiteElo "2903"]
[BlackElo "2740"]
[TimeControl "180+1"]
[EndTime "15:27:19 PDT"]
[Termination "CarlosjPineror won by resignation"]

1. d4 Nf6 2. c4 d6 3. Nc3 e5 4.
Nf3 e4 5. Nd2 Qe7 6. e3 c6 7. b4 Bf5 8. a4 g6 9. h3 h5 10. a5 Bg7 11. Ba3 a6 12. Be2 Nbd7 13.
Rb1 h4 14. Qb3 O-O 15. g4 hxg3 16. fxg3 g5 17. h4 gxh4 18. Rxh4 Rfe8 19. Rf4 Bh7 20. Kd1 Nf8 21. Kc2 Ne6 22. Rh4 Bg6 23. Kb2 Ng5 24.
Rf1 Nf3 25. Nxf3 exf3 26. Rxf3 Bh5 27. Rxf6 Bxe2 28. Rf2 Bd3 29. Nd1 Bg6 30. Ka2 Bf6 31. Rhh2 Bg5 32. Bc1 Qe4 33. Nc3 Qg4 34. Bd2 Bxe3 35.
Bxe3 Rxe3 36. Qb2 Qxd4 37. Rh4 Qxc3 38. Qxc3 Rxc3 39. Rfh2 Kg7 0-1